 Dungeon Crawl Stone Soup version 0.30-a0-509-gd016549fea (webtiles) character file.

Game seed: 999118289342664858

126 cforsyth the Insei (level 4, -6/37 HPs)
             Began as a Draconian Transmuter on Dec 23, 2022.
             Mangled by an iron imp (8 damage)
             ... summoned by Eustachio
             ... on level 4 of the Dungeon.
             The game lasted 00:05:39 (3685 turns).

cforsyth the Insei (Draconian Transmuter)           Turns: 3685, Time: 00:05:40

Health: -6/37      AC:  5    Str: 12      XL:     4   Next: 83%
Magic:  8/8        EV: 12    Int: 13      God:
Gold:   152        SH:  0    Dex: 11 (14) Spells: 7/8 levels left

rFire   . . .      SeeInvis .      - Unarmed
rCold   . . .      Faith    .    (no shield)
rNeg    . . .      Spirit   .    (body armour unavailable)
rPois   .          Reflect  .    (helmet currently unavailable)
rElec   .          Harm     .    (no cloak)
rCorr   .          Rampage  .    (no gloves)
Will    .....                    (boots currently unavailable)
Stlth   +.........               (no amulet)
HPRegen 0.26/turn                (no ring)
MPRegen 0.11/turn                (no ring)

@: appendages (expiring)
A: horns 2, talons 2, AC +5, unfitting armour, cold-blooded
a: End Transformation


You were on level 4 of the Dungeon.
You had temporarily grown beastly horns and talons.
You visited 1 branch of the dungeon, and saw 4 of its levels.

You collected 152 gold pieces.

Inventory:

Missiles
 r - 5 silver boomerangs
Armour
 o - a +0 pair of boots (melded)
Jewellery
 e - a ring of protection from cold
Scrolls
 b - a scroll of amnesia {unknown}
 c - 3 scrolls of identify
 g - 2 scrolls of poison
 i - 4 scrolls of teleportation {unknown}
 k - 3 scrolls of immolation {unknown}
 l - a scroll of fear {unknown}
 m - 2 scrolls of enchant weapon {unknown}
 n - a scroll of enchant armour {unknown}
Potions
 a - 2 potions of lignification
 d - a potion of haste {unknown}
 f - a potion of mutation {unknown}
 h - 4 potions of brilliance {unknown}
 j - 4 potions of curing
 p - a potion of cancellation {unknown}
 q - a potion of heal wounds {unknown}


   Skills:
 + Level 2.4 Fighting
 + Level 2.5 Dodging
 + Level 3.6 Unarmed Combat
 + Level 2.7 Spellcasting
 + Level 2.9 Transmutations


You had 7 spell levels left.
You knew the following spells:

 Your Spells              Type           Power      Damage    Failure   Level
a - Beastly Appendage     Tmut           18%        N/A       7%          1

Your spell library contained the following spells:

 Spells                   Type           Power      Damage    Failure   Level
 Wereblood                Tmut           9%         N/A       11%         2
 Necrotise                Necr           4%         1d4       24%         1
 Spider Form              Tmut/Pois      5%         N/A       36%         3
 Vampiric Draining        Necr           1%         2d6       56%         3
 Ice Form                 Ice/Tmut       5%         N/A       78%         4
 Agony                    Necr           1%         N/A       100%        5


Dungeon Overview and Level Annotations

Branches:
Dungeon (4/15)
 Temple: D:4-7

Altars:

Shops:
D:1 *   D:2 :

Annotations:
D:2 1 runed translucent door, Crazy Yiuf
D:3 1 runed translucent door, MrSquiggles's ghost, weakling TrFi
D:4 Eustachio


Innate Abilities, Weirdness & Mutations

You have temporarily grown beastly horns and talons.
Your plain brown scales are hard. (AC +5)
You cannot fit into any form of body armour.
You are cold-blooded and may be slowed by cold attacks.


Message History

The bat completely misses you. The iron imp hits you!
Eustachio hits you with a +0 rapier. The iron imp misses you.
You hit Eustachio.
Eustachio is severely wounded.
The bat barely misses you. x2
Eustachio mumbles some strange words.
Eustachio blinks!
The iron imp misses you. The bat hits you but does no damage. x2
The bat hits you but does no damage. x3
Eustachio gestures wildly while chanting.
Eustachio blinks!
Your transformation is almost over.
The bat barely misses you. The bat closely misses you. The bat misses you.
Eustachio mumbles some strange words.
The bat hits you but does no damage. The bat barely misses you.
The iron imp closely misses you. The bat closely misses you. The bat hits you.
The bat hits you but does no damage.
Eustachio drinks a potion.
Eustachio is healed!
The river rat closely misses you.
There is a stone staircase leading down here.
You barely miss Eustachio.
Eustachio is heavily wounded.
The bat barely misses you. The bat closely misses you.
The bat barely misses you. The iron imp closely misses you.
Eustachio hits you with a +0 rapier.
You miss Eustachio. Your kick misses Eustachio.
Your tail-slap misses Eustachio.
Eustachio is heavily wounded.
The bat closely misses you. x2; The bat hits you but does no damage.
The river rat barely misses you. The rat bites you. The iron imp hits you.
The iron imp hits you!
* * * LOW HITPOINT WARNING * * *
The bat barely misses you. Eustachio hits you with a +0 rapier!
* * * LOW HITPOINT WARNING * * *
As you read the scroll labelled AVEN EQIGIE, it crumbles to dust.
It is a scroll of identify.
g - 2 scrolls of poison The bat misses you.
The bat barely misses you. The rat barely misses you.
The river rat closely misses you. The iron imp hits you!
You die...

..###.....# .# ..........#
.# #...###.# #.......###
####.........#
#..........#.#
#.##..##b..#.#
#.##...5.r.#.#
#.##<..5@b.#.#
#.##....@r.#.# ###
#.##.........# ..#
#.##.........###.#####.#
#.##..##.#.......#...#.#
#)##..#....#.#####.#.#.#
####.##†.#..#...#.........##
#...>...........#.####.<....
#.#...####.##...#...#.......


You could see Eustachio, 2 iron imps, a river rat (summoned), 2 bats and a rat
(summoned).

Vanquished Creatures
  A jelly (D:4)
  2 worms (D:2)
  3 dart slugs
  2 orcs (D:3)
  7 bats
  7 endoplasms
  16 giant cockroaches
  10 goblins
  4 hobgoblins
  2 quokkas
  8 ball pythons
  2 kobolds
  6 rats
70 creatures vanquished.

Vanquished Creatures (others)
  2 withered plants (D:3)
2 creatures vanquished.

Grand Total: 72 creatures vanquished

Notes
Turn   | Place    | Note
-------+----------+-------------------------------------------
     0 | D:1      | cforsyth the Draconian Transmuter began the quest for the
                  | Orb.
     0 | D:1      | Reached XP level 1. HP: 16/16 MP: 3/3
   174 | D:1      | Reached XP level 2. HP: 23/23 MP: 3/5
   199 | D:1      | Found a faded altar of an unknown god.
   397 | D:1      | Found Jojis's Assorted Antiques.
  1176 | D:2      | Reached XP level 3. HP: 14/29 MP: 4/6
  1670 | D:2      | Reached XP level 4. HP: 36/36 MP: 4/7
  1872 | D:2      | Found a runed translucent door.
  1873 | D:2      | Noticed Crazy Yiuf
  1933 | D:2      | Found Xonaapt's Vocational Training.
  2468 | D:3      | Found a runed translucent door.
  2468 | D:3      | Noticed MrSquiggles's ghost (weakling TrFi)
  2885 | D:4      | Noticed Eustachio
  3685 | D:4      | Mangled by an iron imp

Illustrated notes

Levels and vault maps discovered:
D:1:      dreamdust_arrival_beginning_and_end, layout_loops_corners,
          ebering_ecumenical_altar_abandoned, serial_shops,
          nicolae_shop_competitors_out_of_business, hangedman_feature_mirror
D:2:      minmay_roachtagon, layout_loops_ring, nicolae_shop_vocational,
          uniq_crazy_yiuf_cottage
D:3:      kennysheep_big_flooded_room, layout_loops_ring, gammafunk_ghost_grave,
          hangedman_decor_push
D:4:      layout_basic, uniq_eustachio

Skill      XL: |  1  2  3 |
---------------+----------+-----
Dodging        | 2 |  2.5
Fighting       | 2 |  2.4
Unarmed Combat | |  3.6
Spellcasting   | |  2.7
Transmutations | |  2.9

Action                   |  1- 3 |  4- 6 || total
-------------------------+-------+-------++-------
Melee: Unarmed           |   107 |    68 ||   175
       Kick              |    17 |    18 ||    35
       Headbutt          |    20 |     9 ||    29
       Tailslap          |    15 |     9 ||    24
       Punch             |     2 |     1 ||     3
 Cast: Beastly Appendage |    24 |    28 ||    52
  Use: Scroll            |       |     1 ||     1
 Stab: Sleeping          |       |     1 ||     1
Armor: Skin              |    34 |    57 ||    91
Dodge: Dodged            |    63 |   119 ||   182

Table legend: (Time is in decaauts)
 A = Elapsed time spent in this place.
 B = Non-inter-level travel time spent in this place.
 C = Inter-level travel time spent in this place.
 D = Time resting spent in this place.
 E = Time spent auto-exploring this place.
 F = Levels seen in this place.
 G = Mean time per level.
                   A        B        C        D        E       F      G
               +--------+--------+--------+--------+--------+-----+--------+
         Total |   3674 |   3542 |    132 |    649 |   2308 |   4 |  918.5 |
       Dungeon |   3674 |   3542 |    132 |    649 |   2308 |   4 |  918.5 |
               +--------+--------+--------+--------+--------+-----+--------+

Top non-repeatable levels by time:
     D:3: 1344 daAuts
     D:1: 1166 daAuts
     D:2: 875 daAuts
     D:4: 288 daAuts
